[Event "Titled Tuesday Blitz February 14 Early 2023"]
[White "Szente Varga, Fruzsina"]
[Black "Chor, Kevin"]
[WhiteFideId "712264"]
[BlackFideId "2090740"]
[WhiteElo "2075"]
[BlackElo "1944"]
[Result "0-1"]
[Round "03"]
[TimeControl "180+2"]
[Date "2023.02.15"]
[WhiteClock "0:00:20"]
[BlackClock "0:01:45"]

1. e4 c5 2. Nf3 Nc6 3. Bb5 d6 4. d4 cxd4 5. Qxd4 Bd7 6. Qd3 Nf6 7. O-O Rc8 8. c4 a6 9. Bxc6 Bxc6 10. Nc3 g6 11. h3 Bg7 12. Be3 O-O 13. Nd4 Nd7 14. Nxc6 bxc6 15. f4 Rb8 16. b3 Qa5 17. Bd4 e5 18. fxe5 Nxe5 19. Qd2 c5 20. Bxe5 Bxe5 21. Rac1 Rbe8 22. Rfe1 Qd8 23. Nd5 Qh4 24. Qd3 f5 25. exf5 Bd4+ 26. Ne3 Rxe3 27. Rxe3 Re8 28. fxg6 Rxe3 29. gxh7+ Kh8 0-1


[Site "https://www.chess.com"]

[Event "Titled Tuesday Blitz February 14 Early 2023"]
[White "Piriflillo"]
[Black "Pinheiro, Iung Alicio de O."]
[BlackFideId "2104350"]
[WhiteElo "2337"]
[BlackElo "2306"]
[Result "1-0"]
[Round "03"]
[TimeControl "180+2"]
[Date "2023.02.15"]
[WhiteClock "0:00:17"]
[BlackClock "0:00:12"]

1. e4 c5 2. Nf3 Nc6 3. Bb5 e5 4. O-O Bd6 5. c3 a6 6. Bxc6 dxc6 7. d4 exd4 8. cxd4 Bg4 9. dxc5 Bxc5 10. Qc2 Qe7 11. Nbd2 Nf6 12. h3 Bh5 13. e5 Nd7 14. g4 Bg6 15. Qc3 h5 16. g5 h4 17. Nb3 Bb4 18. Qc4 Nb6 19. Qg4 Bd3 20. Rd1 Bc2 21. Rd4 Nd5 22. Bd2 a5 23. Rc1 Bg6 24. Bxb4 axb4 25. Nc5 Bh5 26. Qxh4 O-O-O 27. Rg4 Bxg4 28. Qxg4+ Kb8 29. e6 fxe6 30. Nxe6 Rd6 31. Ned4 Re8 32. Nf5 Qd7 33. Nxd6 Qxd6 34. Re1 Rf8 35. Qh5 Qf4 36. Re8+ Rxe8 37. Qxe8+ Ka7 38. Kg2 Qf5 39. Qe5 Nf4+ 40. Kg3 Nh5+ 41. Kg2 Qd3 42. Qe3+ Qxe3 43. fxe3 g6 44. Ne5 Kb6 45. Nxg6 Kc5 46. Nf4 Ng7 47. h4 Kc4 48. h5 Nf5 49. h6 Nxe3+ 50. Kf3 Nf5 51. h7 Nh4+ 52. Kg4 Ng6 53. Nxg6 b3 54. axb3+ Kxb3 55. h8=Q b5 56. Qc3+ Ka2 57. Qxc6 b4 58. Qb5 b3 59. Qxb3+ Kxb3 60. Nf4 Kxb2 61. g6 Kc3 62. g7 Kd4 63. g8=Q Ke4 64. Qe6+ Kd4 65. Kf3 Kc3 66. Qd7 Kc4 67. Ke4 Kc5 68. Qc7+ Kb5 69. Kd5 Kb4 70. Qc4+ Ka3 71. Qb5 Ka2 72. Kc4 Ka3 73. Qb3# 1-0


[Site "https://www.chess.com"]

[Event "Titled Tuesday Blitz February 14 Early 2023"]
[White "Parpiev, Isaak"]
[Black "Koridze, Lile"]
[WhiteFideId "34281576"]
[BlackFideId "13612514"]
[WhiteElo "2167"]
[BlackElo "2191"]
[Result "0-1"]
[Round "03"]
[TimeControl "180+2"]
[Date "2023.02.15"]
[WhiteClock "0:00:03"]
[BlackClock "0:00:10"]

1. Nf3 Nf6 2. g3 b5 3. Bg2 Bb7 4. O-O e6 5. d3 c5 6. e4 d6 7. c3 Be7 8. Nbd2 O-O 9. Re1 Nbd7 10. d4 e5 11. dxe5 Nxe5 12. Nxe5 dxe5 13. Qe2 Qb6 14. Nf1 Rfd8 15. Bg5 h6 16. Bxf6 Bxf6 17. Ne3 Rac8 18. Nd5 Bxd5 19. exd5 c4 20. Rad1 a6 21. h4 Qc5 22. Be4 Rd6 23. Qg4 Rcd8 24. h5 Qc8 25. Bf5 Qc5 26. Be4 Qc8 27. Qf3 Qc5 28. Qf5 Qc8 29. Qh7+ Kf8 30. f4 Qg4 31. Kg2 Bh4 32. Re3 Qxd1 33. Bf3 Qd2+ 34. Re2 Qd3 35. Qh8+ Ke7 36. Rxe5+ Kf6 37. Re8 Rxe8 38. Qxe8 Rxd5 39. gxh4 Qd2+ 40. Kh3 Qd3 41. Kg3 g6 42. Qh8+ Ke6 43. Qxh6 Rf5 44. hxg6 fxg6 45. Qxg6+ Rf6 46. Qg4+ Kf7 47. Qg8+ Kxg8 0-1


[Site "https://www.chess.com"]

[Event "Titled Tuesday Blitz February 14 Early 2023"]
[White "Vaglio Munoz, Jaime"]
[Black "Arencibia Monduy, Antonio"]
[WhiteFideId "6500145"]
[BlackFideId "3507939"]
[WhiteElo "2174"]
[BlackElo "2122"]
[Result "0-1"]
[Round "03"]
[TimeControl "180+2"]
[Date "2023.02.15"]
[WhiteClock "0:01:00"]
[BlackClock "0:00:08"]

1. d4 b6 2. e4 Bb7 3. Qe2 c5 4. d5 g6 5. c4 Bg7 6. Nf3 d6 7. Nc3 Nd7 8. g3 Ne5 9. Nxe5 Bxe5 10. Bg2 Bg7 11. Bd2 Nf6 12. O-O h5 13. h4 O-O 14. f4 Ng4 15. Bf3 Bc8 16. Kg2 e6 17. Rae1 exd5 18. cxd5 a5 19. a4 Bxc3 20. bxc3 Ba6 21. c4 Qd7 22. Ra1 Rfe8 23. Qd3 f5 24. exf5 Qxf5 25. Qxf5 gxf5 26. Rac1 Ne3+ 27. Bxe3 Rxe3 28. Kf2 Ra3 29. Rfe1 Rxa4 30. Bxh5 Rxc4 31. Rb1 Rb4 32. Rbd1 a4 33. Re6 a3 34. Bg6 a2 35. Bxf5 Rb2+ 36. Kf3 Be2+ 37. Rxe2 Rxe2 38. Kxe2 a1=Q 39. Be6+ Kg7 40. Rxa1 Rxa1 41. g4 b5 42. h5 b4 43. g5 b3 44. f5 b2 45. f6+ Kf8 46. g6 Re1+ 47. Kxe1 b1=Q+ 48. Kf2 Qb2+ 49. Kg3 Qxf6 50. Kg4 Kg7 51. Bf7 Qd4+ 52. Kg5 Qe5+ 53. Kg4 c4 54. Be6 c3 55. Bf5 Qxd5 56. Kg5 Qd2+ 57. Kg4 c2 58. Bxc2 Qxc2 59. Kg5 Qc5+ 60. Kg4 Qe5 61. Kh4 d5 62. Kg4 d4 63. Kf3 d3 64. Kf2 d2 65. h6+ Kxh6 66. Kg2 Kg7 67. Kf2 d1=Q 68. Kg2 Qdd5+ 69. Kf2 Qed4+ 70. Ke2 Q5e5+ 71. Kf1 Qdf4+ 72. Kg2 Qeg5+ 73. Kh3 Qfh4# 0-1


[Site "https://www.chess.com"]

[Event "Titled Tuesday Blitz February 14 Early 2023"]
[White "Sovetbekova, Nurai"]
[Black "Kaidanov, Gregory"]
[WhiteFideId "13801910"]
[BlackFideId "2008564"]
[WhiteElo "1764"]
[BlackElo "2559"]
[Result "0-1"]
[Round "03"]
[TimeControl "180+2"]
[Date "2023.02.15"]
[WhiteClock "0:00:01"]
[BlackClock "0:01:13"]

1. d4 d5 2. c4 e6 3. Nc3 c6 4. Nf3 Nf6 5. g3 Nbd7 6. Bg2 Be7 7. O-O O-O 8. Qd3 b6 9. e4 Ba6 10. b3 dxc4 11. bxc4 e5 12. d5 Qc8 13. d6 Bd8 14. Bh3 Qb7 15. Be3 Re8 16. Rfd1 b5 17. cxb5 cxb5 18. Nd5 b4 19. Qb3 Nxd5 20. Rxd5 Bf6 21. Rb1 Rab8 22. Nd2 Nb6 23. Rc5 Rbd8 24. Rc7 Qb8 25. Qxf7+ Kh8 26. Bc5 Rf8 27. Qh5 Bc8 28. Bxc8 Nxc8 29. Rxb4 Qa8 30. Rbb7 Nxd6 31. Bxd6 Rxd6 32. Nc4 Rc6 33. Nd6 Rxd6 34. Qg4 Rg8 35. Rxa7 Qb8 36. Rab7 Qe8 37. Kg2 Qa4 38. Rc8 Rdd8 39. Rbb8 Rxc8 40. Rxc8 Qxa2 41. Qd7 h6 0-1


[Site "https://www.chess.com"]

[Event "Titled Tuesday Blitz February 14 Early 2023"]
[White "Filgueira, Hernan"]
[Black "Lauridsen, Jesper Morch"]
[WhiteFideId "101770"]
[BlackFideId "1401890"]
[WhiteElo "2283"]
[BlackElo "2309"]
[Result "1-0"]
[Round "03"]
[TimeControl "180+2"]
[Date "2023.02.15"]
[WhiteClock "0:02:12"]
[BlackClock "0:01:12"]

1. e4 e5 2. Nf3 Nf6 3. Nc3 Bb4 4. Nxe5 O-O 5. Nd3 Bxc3 6. dxc3 Nxe4 7. Be2 d6 8. O-O Nc6 9. f3 Nf6 10. Bg5 h6 11. Bh4 g5 12. Bf2 Bf5 13. Qd2 Ne5 14. b3 Nxd3 15. cxd3 Bg6 16. c4 Nh5 17. Rfe1 Qf6 18. Bf1 Rae8 19. d4 Nf4 20. d5 Re5 21. Bd4 Rfe8 22. Bxe5 Qxe5 23. Rxe5 1-0


[Site "https://www.chess.com"]

[Event "Titled Tuesday Blitz February 14 Early 2023"]
[White "Mamedov, Edgar"]
[Black "Urbina Quiroz, Edwin"]
[WhiteFideId "13739980"]
[BlackFideId "6500650"]
[WhiteElo "2193"]
[BlackElo "2129"]
[Result "1-0"]
[Round "03"]
[TimeControl "180+2"]
[Date "2023.02.15"]
[WhiteClock "0:00:04"]
[BlackClock "0:00:07"]

1. d4 d5 2. Bg5 f6 3. Bf4 Nc6 4. Nf3 Bg4 5. Nbd2 e6 6. e3 Bd6 7. h3 Bh5 8. Bxd6 Qxd6 9. c4 O-O-O 10. cxd5 exd5 11. Be2 Nge7 12. a3 g5 13. b4 Rde8 14. Qc2 Bg6 15. Qc5 Nf5 16. b5 Qxc5 17. dxc5 Ne5 18. O-O h5 19. Nd4 Nxd4 20. exd4 Nd3 21. Bf3 Be4 22. Bxe4 dxe4 23. Nb3 g4 24. h4 f5 25. Ra2 f4 26. Re2 f3 27. Re3 Nf4 28. g3 Nd5 29. Ree1 e3 30. fxe3 Nxe3 31. Rf2 Nf5 32. Rd1 Nxg3 33. d5 Ne4 34. Rc2 f2+ 35. Kg2 Rhf8 36. d6 Rf7 37. Re2 Ref8 38. Rf1 Nc3 39. Re5 Rf3 40. Nd4 Rd3 41. Ne6 cxd6 42. cxd6 Rff3 43. Rxf2 Rg3+ 44. Kh2 Rh3+ 45. Kg1 Rdg3+ 46. Rg2 Rh1+ 47. Kxh1 Rxg2 48. Kxg2 Kd7 49. Nc5+ Kxd6 50. Rxh5 Nd5 51. Ne4+ Ke6 52. Rxd5 Kxd5 53. h5 Kc4 54. h6 Kb3 55. h7 Kxa3 56. h8=Q Ka4 57. Qd4+ Ka5 58. Qxa7+ Kb4 59. Qxb7 Kc4 60. Kg3 Kd3 61. Kxg4 Ke2 62. Qd5 Ke1 63. Kf3 Kf1 64. Qd1# 1-0


[Site "https://www.chess.com"]

[Event "Titled Tuesday Blitz February 14 Early 2023"]
[White "Jeet, Jain"]
[Black "Clawitter, Craig"]
[WhiteFideId "5073022"]
[BlackFideId "2023105"]
[WhiteElo "2199"]
[BlackElo "2050"]
[Result "1-0"]
[Round "03"]
[TimeControl "180+2"]
[Date "2023.02.15"]
[WhiteClock "0:00:16"]
[BlackClock "0:00:04"]

1. d4 e6 2. c4 Nf6 3. Nf3 d5 4. Nc3 c6 5. Bf4 dxc4 6. a4 Bb4 7. Bd2 O-O 8. e3 b5 9. Ne5 Bb7 10. Be2 Nbd7 11. f4 a6 12. Bf3 Nxe5 13. fxe5 Nd5 14. O-O c5 15. Ne4 Bxd2 16. Qxd2 cxd4 17. exd4 Bc6 18. Nd6 Qb6 19. a5 Qa7 20. Be4 Ne7 21. Bc2 Rad8 22. Rf4 Nf5 23. Bxf5 exf5 24. Rxf5 f6 25. Re1 fxe5 26. Rxf8+ Rxf8 27. Rxe5 Qd7 28. Ne4 Bxe4 29. Rxe4 Qf5 30. Qe2 Rd8 31. h3 h6 32. Re5 Qf6 33. d5 Qd6 34. Qe3 Qb4 35. Re8+ Rxe8 36. Qxe8+ Kh7 37. Qe4+ Kg8 38. Qd4 Qe1+ 39. Kh2 Qe7 40. d6 Qd7 41. Qb6 Kf7 42. Qxa6 Ke6 43. Kg1 Qxd6 44. Qxb5 Qd4+ 45. Kf1 Qd3+ 46. Ke1 Qe3+ 47. Kd1 Qd3+ 48. Kc1 Qe3+ 49. Kb1 Qe4+ 50. Ka2 Qd5 51. Qxd5+ Kxd5 52. Ka3 Kc5 53. Ka4 g6 54. g3 g5 55. g4 Kc6 56. Kb4 1-0


[Site "https://www.chess.com"]

[Event "Titled Tuesday Blitz February 14 Early 2023"]
[White "Arenas, David"]
[Black "Tinmaz, Kerem"]
[WhiteFideId "4403177"]
[BlackFideId "44559151"]
[WhiteElo "2426"]
[BlackElo "2177"]
[Result "0-1"]
[Round "03"]
[TimeControl "180+2"]
[Date "2023.02.15"]
[WhiteClock "0:00:10"]
[BlackClock "0:00:03"]

1. e4 c6 2. d4 d5 3. e5 Bf5 4. Nd2 e6 5. Nb3 c5 6. dxc5 Bxc5 7. Nxc5 Qa5+ 8. c3 Qxc5 9. Nf3 Ne7 10. Be2 O-O 11. O-O Qc7 12. Re1 Nbc6 13. Bf4 Ng6 14. Bg3 Ngxe5 15. Nxe5 Nxe5 16. Qd4 f6 17. Bf1 Kf7 18. Bxe5 fxe5 19. Rxe5 Qb6 20. Qxb6 axb6 21. a3 Kf6 22. f4 g5 23. g3 gxf4 24. gxf4 Rg8+ 25. Kf2 Rg4 26. Kf3 Rag8 27. Re2 Rg1 28. Ke3 Rh1 29. Rae1 Rgg1 30. Kf2 Rg6 31. Ke3 Rgg1 32. Kf2 Rg6 33. Ke3 Kf7 34. a4 Rgg1 35. Kf2 Bd3 36. Rxe6 Rxf1+ 37. Rxf1 Rxf1+ 38. Kg3 Kxe6 0-1


[Site "https://www.chess.com"]

[Event "Titled Tuesday Blitz February 14 Early 2023"]
[White "Bilan, Danila"]
[Black "Zaksaite, Salomeja"]
[WhiteFideId "24161918"]
[BlackFideId "12801496"]
[WhiteElo "2303"]
[BlackElo "2283"]
[Result "0-1"]
[Round "03"]
[TimeControl "180+2"]
[Date "2023.02.15"]
[WhiteClock "0:00:04"]
[BlackClock "0:00:07"]

1. d4 Nf6 2. Nf3 g6 3. Bg5 Bg7 4. c3 Ne4 5. Bh4 c5 6. e3 Qb6 7. Qc2 d5 8. Bd3 Bf5 9. dxc5 Qxc5 10. Nd4 Nc6 11. Nxf5 gxf5 12. O-O e6 13. Nd2 Rc8 14. Rac1 O-O 15. Rfe1 Ne5 16. f3 Nxd2 17. Qxd2 Nxd3 18. Qxd3 Qc4 19. Qxc4 Rxc4 20. Bf2 a5 21. Kf1 Rfc8 22. Red1 b5 23. Rd3 b4 24. Be1 a4 25. Ke2 a3 26. bxa3 bxc3 27. Rc2 Ra4 28. Bxc3 Rxa3 29. Kd2 Bxc3+ 30. Rdxc3 Rcxc3 31. Rxc3 Rxa2+ 32. Kd3 Rxg2 33. h4 Rh2 34. Kd4 Rxh4+ 35. Ke5 Kg7 36. f4 Rh3 37. Kd6 d4 38. Rc1 Rxe3 39. Rg1+ Kf6 40. Rh1 d3 41. Kc5 d2 42. Rd1 Rd3 43. Kc4 Rd5 44. Kc3 Kg6 45. Kc2 Kh5 46. Rh1+ Kg4 47. Kd1 Kxf4 48. Rf1+ Kg3 49. Rh1 Kg2 50. Rxh7 Rd7 51. Rg7+ Kf3 52. Rh7 Ke3 53. Rh3+ Ke4 54. Rh4+ f4 55. Rg4 Ke3 56. Rh4 Ra7 57. Rh3+ f3 0-1


[Site "https://www.chess.com"]

[Event "Titled Tuesday Blitz February 14 Early 2023"]
[White "Cella, Glaucio Dalla Cortt"]
[Black "Lesbekova, Assel"]
[WhiteFideId "2119455"]
[BlackFideId "13713248"]
[WhiteElo "1894"]
[BlackElo "1772"]
[Result "1-0"]
[Round "03"]
[TimeControl "180+2"]
[Date "2023.02.15"]
[WhiteClock "0:00:42"]
[BlackClock "0:00:01"]

1. e4 c5 2. Nf3 Nc6 3. c3 d5 4. exd5 Qxd5 5. Na3 e5 6. d4 cxd4 7. cxd4 Bxa3 8. bxa3 Nxd4 9. Nxd4 exd4 10. Be3 Qa5+ 11. Bd2 Qxa3 12. Bb5+ Bd7 13. Qe2+ Qe7 14. Rb1 Bxb5 15. Rxb5 Qxe2+ 16. Kxe2 b6 17. Rc1 Nf6 18. Bg5 Nd7 19. Rc7 f6 20. Bf4 g5 21. Rd5 Nc5 22. Bd6 d3+ 23. Kd1 Nd7 24. Rxd3 Rd8 25. Rxa7 Kf7 26. Bc7 Ke6 27. Bxd8 Rxd8 28. Ke2 h5 29. h3 Ke7 30. Rb7 Ke6 31. g4 h4 32. Ke3 Ke7 33. Ke4 Ke6 34. Rdxd7 Rxd7 35. Rxb6+ Ke7 36. Kf5 Rd5+ 37. Kg6 Re5 38. Rxf6 Re2 39. a4 Ra2 40. Rf5 Rxa4 41. Kxg5 Ke6 42. Kxh4 Ra8 43. Rh5 Ra2 44. f4 Kf6 45. f5 1-0


[Site "https://www.chess.com"]

[Event "Titled Tuesday Blitz February 14 Early 2023"]
[White "Zampronha, Wladimir Camilo"]
[Black "Jaskolka, Tomasz"]
[WhiteFideId "2103087"]
[BlackFideId "1170791"]
[WhiteElo "2176"]
[BlackElo "2238"]
[Result "0-1"]
[Round "03"]
[TimeControl "180+2"]
[Date "2023.02.15"]
[WhiteClock "0:00:43"]
[BlackClock "0:00:10"]

1. e4 c5 2. Nf3 e6 3. d4 cxd4 4. Nxd4 Nc6 5. Nc3 Qc7 6. Be2 Nf6 7. O-O a6 8. Be3 Be7 9. Kh1 b5 10. Nxc6 dxc6 11. a3 O-O 12. f4 Bb7 13. e5 Nd5 14. Nxd5 cxd5 15. Bd4 f6 16. Bg4 f5 17. Bf3 a5 18. c3 b4 19. axb4 axb4 20. Qd2 Ba6 21. Rfc1 bxc3 22. Qxc3 Qb7 23. Qc7 Qb4 24. Bc3 Qc5 25. Qd7 Bc8 26. Qxe7 Rxa1 27. Qxf8+ Kxf8 28. Rxa1 Bb7 29. Rd1 Qb5 30. Bd4 Kf7 31. h3 Ba6 32. Kh2 Qc4 33. h4 h6 34. g3 Qc2+ 35. Kh3 Be2 36. Bxe2 Qxe2 37. Ra1 Qg4+ 38. Kh2 Qe2+ 39. Kh3 g5 40. Ra7+ Kg6 41. hxg5 hxg5 42. fxg5 Qg4+ 43. Kh2 Qxd4 44. Re7 Qxb2+ 45. Kh3 Qxe5 0-1


[Site "https://www.chess.com"]

[Event "Titled Tuesday Blitz February 14 Early 2023"]
[White "Kohler, Aran"]
[Black "Derjabin, Ilja"]
[WhiteFideId "1002856"]
[BlackFideId "14104768"]
[WhiteElo "2010"]
[BlackElo "2333"]
[Result "0-1"]
[Round "03"]
[TimeControl "180+2"]
[Date "2023.02.15"]
[WhiteClock "0:00:02"]
[BlackClock "0:00:26"]

1. Nf3 c5 2. e4 d6 3. d4 cxd4 4. Nxd4 Nf6 5. Nc3 a6 6. Be3 e5 7. Nb3 Be7 8. Be2 O-O 9. Qd2 b5 10. f3 Be6 11. Nd5 Bxd5 12. exd5 Nbd7 13. a4 bxa4 14. Rxa4 Nb6 15. Ra5 Rc8 16. Bxa6 Nc4 17. Bxc4 Rxc4 18. O-O Qc8 19. c3 Qb7 20. Qd1 Bd8 21. Ra7 Qb5 22. Nd2 Rc8 23. Ra2 Bb6 24. Bxb6 Qxb6+ 25. Kh1 Nxd5 26. Qe2 Nf4 27. Qe4 f5 28. Qc2 Qe3 29. b4 Rxc3 30. Qb2 Qe2 31. Rg1 Rfc8 32. Nf1 Qc4 33. Ra7 Rc1 34. Qf2 g6 35. g3 Nh3 36. Qg2 Nxg1 37. Kxg1 Qd4+ 38. Qf2 Qxf2+ 39. Kxf2 R8c2+ 40. Kg1 Rb2 0-1


[Site "https://www.chess.com"]

[Event "Titled Tuesday Blitz February 14 Early 2023"]
[White "Petrovic, Aleksa"]
[Black "Torres Dominguez, David"]
[WhiteFideId "967629"]
[BlackFideId "2220857"]
[WhiteElo "2332"]
[BlackElo "1994"]
[Result "1-0"]
[Round "03"]
[TimeControl "180+2"]
[Date "2023.02.15"]
[WhiteClock "0:01:41"]
[BlackClock "0:00:48"]

1. d4 e5 2. dxe5 d6 3. e6 Bxe6 4. g3 Qd7 5. Bg2 Nc6 6. Nf3 Bh3 7. O-O O-O-O 8. Nc3 h5 9. Bg5 f6 10. Be3 h4 11. b4 hxg3 12. fxg3 Nge7 13. b5 Ne5 14. Nxe5 dxe5 15. Qxd7+ Rxd7 16. Rad1 Bxg2 17. Kxg2 Rxd1 18. Rxd1 Nf5 19. Bf2 Bb4 20. Nd5 Bd6 21. e4 Ne7 22. c4 Nxd5 23. exd5 b6 24. a4 Kb7 25. a5 bxa5 26. c5 Be7 27. Ra1 a6 28. c6+ Kb8 29. Rxa5 axb5 30. Ba7+ Kc8 31. Bc5 Kb8 32. Ba7+ Kc8 33. Rxb5 1-0


[Site "https://www.chess.com"]

[Event "Titled Tuesday Blitz February 14 Early 2023"]
[White "Girsh, Daniel"]
[Black "Sailer, Mike"]
[WhiteFideId "30949190"]
[BlackFideId "2012901"]
[WhiteElo "2123"]
[BlackElo "2109"]
[Result "1-0"]
[Round "03"]
[TimeControl "180+2"]
[Date "2023.02.15"]
[WhiteClock "0:01:36"]
[BlackClock "0:00:03"]

1. e4 d5 2. exd5 Qxd5 3. Nc3 Qd6 4. d4 Nf6 5. Nf3 c6 6. Ne5 Nbd7 7. Bf4 Nd5 8. Nxd5 Qxd5 9. c4 Qe4+ 10. Be3 Nxe5 11. dxe5 Qxe5 12. Be2 Bf5 13. O-O Rd8 14. Qb3 Qc7 15. Bxa7 Rd7 16. Bb6 Qc8 17. Rad1 e5 18. Rxd7 Bxd7 19. Qe3 Bd6 20. Rd1 Bc7 21. Bc5 f6 22. Bh5+ g6 23. Qh6 Kf7 24. Bf3 Be6 25. b3 Qg8 26. Qe3 Qg7 27. Bb6 Bb8 28. Qc5 Re8 29. h3 Qf8 30. Qe3 Qe7 31. Bc5 Qc7 32. Bd6 Qc8 33. Qb6 Bxd6 34. Rxd6 Ke7 35. c5 Rd8 36. Rxd8 Qxd8 37. Qxb7+ Qd7 38. Qxc6 Qxc6 39. Bxc6 1-0


[Site "https://www.chess.com"]

[Event "Titled Tuesday Blitz February 14 Early 2023"]
[White "Zaragatski, Ilja"]
[Black "Michalski, Olaf"]
[WhiteFideId "4655192"]
[BlackFideId "1106740"]
[WhiteElo "2472"]
[BlackElo "2273"]
[Result "1-0"]
[Round "03"]
[TimeControl "180+2"]
[Date "2023.02.15"]
[WhiteClock "0:00:22"]
[BlackClock "0:00:01"]

1. g3 Nf6 2. Bg2 g6 3. b3 Bg7 4. Bb2 O-O 5. Nf3 d6 6. d4 c6 7. O-O Qa5 8. Nbd2 Qh5 9. e4 Bg4 10. Re1 Nbd7 11. Nc4 d5 12. exd5 Nxd5 13. Ne3 Nxe3 14. Rxe3 e6 15. Qf1 Rfd8 16. h3 Bxf3 17. Bxf3 Qa5 18. Qe1 Qxe1+ 19. Raxe1 a5 20. c3 a4 21. b4 a3 22. Bc1 Nb6 23. Rd3 Nc4 24. Bd1 b5 25. Bb3 Nb6 26. Bg5 Rd7 27. h4 h6 28. Bc1 Nd5 29. Kf1 Raa7 30. Red1 Ra8 31. Ke2 Kh7 32. f4 h5 33. Kf3 Bf6 34. Bc2 Kg7 35. Bb3 Be7 36. Rg1 Nf6 37. Ke2 Ne4 38. Re3 Nf6 39. Kd1 Raa7 40. Kc2 Nd5 41. Bxd5 cxd5 42. Kb3 1-0


[Site "https://www.chess.com"]

[Event "Titled Tuesday Blitz February 14 Early 2023"]
[White "Delorme, Alban"]
[Black "Kuzmin, Roman"]
[WhiteFideId "623636"]
[BlackFideId "44134932"]
[WhiteElo "2298"]
[BlackElo "2198"]
[Result "0-1"]
[Round "03"]
[TimeControl "180+2"]
[Date "2023.02.15"]
[WhiteClock "0:00:53"]
[BlackClock "0:01:39"]

1. e4 c5 2. Nf3 d6 3. d4 cxd4 4. Nxd4 Nf6 5. Nc3 a6 6. Bg5 e6 7. f4 h6 8. Bh4 Qb6 9. a3 Be7 10. Bf2 Qc7 11. Qd2 Nbd7 12. O-O-O b5 13. h3 Bb7 14. Bd3 Nc5 15. Rhe1 O-O 16. g4 d5 17. e5 Nfe4 18. Bxe4 Nxe4 19. Nxe4 dxe4 20. Bg3 Rfd8 21. Qe3 Rac8 22. Kb1 b4 23. axb4 Bxb4 24. c3 Bc5 25. f5 Bd5 26. f6 Qa5 27. Bf4 Qa2+ 28. Kc1 Bb3 29. Bxh6 Qa1+ 30. Kd2 Qxb2# 0-1


[Site "https://www.chess.com"]

[Event "Titled Tuesday Blitz February 14 Early 2023"]
[White "Lehtosaari, Mauri"]
[Black "Barrera Rincones, Josmar Joel"]
[WhiteFideId "501999"]
[BlackFideId "3975487"]
[WhiteElo "2176"]
[BlackElo "1399"]
[Result "0-1"]
[Round "03"]
[TimeControl "180+2"]
[Date "2023.02.15"]
[WhiteClock "0:00:05"]
[BlackClock "0:00:27"]

1. d4 Nf6 2. Nf3 g6 3. Bg5 h6 4. Bxf6 exf6 5. g3 d5 6. Bg2 Bg7 7. O-O O-O 8. e3 Nd7 9. Nbd2 Nb6 10. a4 a5 11. b3 Be6 12. Rc1 Qd7 13. Re1 Rfe8 14. c3 Rad8 15. Qc2 h5 16. h4 Bf5 17. Qa2 Bf8 18. c4 dxc4 19. Nxc4 Nd5 20. Nxa5 Nb4 21. Qd2 Nd3 22. Nxb7 Bb4 23. Qd1 Nxc1 24. Nxd8 Nd3 25. Nb7 Nxe1 26. Nxe1 c6 27. Nc5 Bxc5 28. Qc1 Bb4 29. Bxc6 Qc8 30. d5 Re7 31. Nf3 Be4 32. Qd1 Bc5 33. Nd4 Qh3 34. f3 Qxg3+ 0-1


[Site "https://www.chess.com"]

[Event "Titled Tuesday Blitz February 14 Early 2023"]
[White "Novikov, Evgenij"]
[Black "Baruch, Liam"]
[WhiteFideId "4125380"]
[BlackFideId "14322064"]
[WhiteElo "2276"]
[BlackElo "1718"]
[Result "1-0"]
[Round "03"]
[TimeControl "180+2"]
[Date "2023.02.15"]
[WhiteClock "0:00:10"]
[BlackClock "0:00:05"]

1. e4 e5 2. Nf3 Nc6 3. Bb5 a6 4. Ba4 Nf6 5. O-O b5 6. Bb3 Bc5 7. d3 d6 8. h3 h6 9. a4 Bb7 10. axb5 axb5 11. Rxa8 Qxa8 12. Nc3 b4 13. Nd5 Nxd5 14. Bxd5 Ne7 15. Bb3 O-O 16. Be3 Qa7 17. Qd2 Kh7 18. Nh4 Bc8 19. Kh2 Be6 20. Bxc5 Qxc5 21. Bxe6 fxe6 22. g3 g5 23. Ng2 Ng6 24. Ne3 d5 25. exd5 exd5 26. Ng4 d4 27. Kg1 h5 28. Nh2 Qe7 29. Qe2 Kh6 30. Re1 Qf6 31. Nf1 Qf3 32. Qxf3 Rxf3 33. Nd2 Rf6 34. Nc4 Re6 35. Kg2 Kg7 36. Ra1 Kf6 37. Ra7 Re7 38. Kf3 Kf5 39. Nd2 g4+ 40. hxg4+ hxg4+ 41. Ke2 c5 42. Rxe7 Nxe7 43. Ne4 c4 44. Nd6+ Ke6 45. Nxc4 Nc6 46. Nd2 Kf5 47. f3 Na5 48. Ne4 gxf3+ 49. Kxf3 Nc6 50. g4+ Kg6 51. Nc5 Ne7 52. Ke4 Kf6 53. Nd7+ Ke6 54. Nxe5 Nd5 55. Nc6 Nb6 56. Nxd4+ Kd6 57. g5 Nd7 58. Nf5+ Ke6 59. Ne3 Ne5 60. d4 Ng6 61. d5+ Kd6 62. Kd4 Nf4 63. Nf5+ Kd7 64. c4 Ne2+ 65. Kc5 Nf4 66. Kxb4 Nh3 67. g6 Ke8 68. g7 Kf7 69. d6 Nf4 70. d7 Ne6 71. c5 Nd8 72. Kb5 Ke6 73. g8=Q+ Kxf5 74. Qxd8 1-0


[Site "https://www.chess.com"]

[Event "Titled Tuesday Blitz February 14 Early 2023"]
[White "Davalos Prieto, Abel Justo"]
[Black "Kokoszczynski, Jan"]
[WhiteFideId "5102766"]
[BlackFideId "1174460"]
[WhiteElo "2029"]
[BlackElo "2247"]
[Result "0-1"]
[Round "03"]
[TimeControl "180+2"]
[Date "2023.02.15"]
[WhiteClock "0:00:02"]
[BlackClock "0:00:07"]

1. d4 d5 2. Bf4 Nf6 3. e3 c5 4. c3 Nc6 5. Nd2 e6 6. Ngf3 Bd6 7. Bg3 O-O 8. Bd3 b6 9. O-O Bb7 10. Ne5 Ne7 11. Bh4 Ng6 12. Bxf6 gxf6 13. Nef3 f5 14. g3 Qf6 15. Qa4 Qe7 16. Ba6 Qc7 17. Bxb7 Qxb7 18. b4 cxd4 19. cxd4 Rfc8 20. Rfc1 Ne7 21. b5 a6 22. bxa6 Rxa6 23. Rxc8+ Qxc8 24. Qb3 Qc6 25. a4 b5 26. a5 b4 27. Qd3 Kf8 28. Nb3 Qc4 29. Ne1 Ke8 0-1


[Site "https://www.chess.com"]

[Event "Titled Tuesday Blitz February 14 Early 2023"]
[White "Bilych, Olexiy"]
[Black "Vargas, Mauricio"]
[WhiteFideId "14156504"]
[BlackFideId "4404572"]
[WhiteElo "2441"]
[BlackElo "2035"]
[Result "1-0"]
[Round "03"]
[TimeControl "180+2"]
[Date "2023.02.15"]
[WhiteClock "0:01:05"]
[BlackClock "0:00:07"]

1. e4 c5 2. Nf3 d6 3. d4 cxd4 4. Nxd4 Nf6 5. Nc3 a6 6. Bg5 h6 7. Bxf6 gxf6 8. Bc4 e6 9. Qh5 Qe7 10. O-O-O Bd7 11. Rhe1 Nc6 12. Nf5 Qd8 13. Nxd6+ Bxd6 14. Rxd6 Qc7 15. Red1 O-O-O 16. Bb3 Kb8 17. Qxf7 Rhf8 18. Qg7 Ne5 19. f4 Rf7 20. Qg3 Nc4 21. Bxc4 Qxc4 22. f5 e5 23. Rxf6 Re7 24. Rfd6 Qc7 25. f6 Rf7 26. Qxe5 Rc8 27. Qd4 Bg4 28. Rd2 h5 29. e5 Qa5 30. e6 Rxc3 31. Qxc3 Qxc3 32. bxc3 Rxf6 33. e7 1-0


[Site "https://www.chess.com"]

[Event "Titled Tuesday Blitz February 14 Early 2023"]
[White "Llanos, Guillermo"]
[Black "Zemlyanskii, Ivan"]
[WhiteFideId "100358"]
[BlackFideId "24249971"]
[WhiteElo "2290"]
[BlackElo "2300"]
[Result "0-1"]
[Round "03"]
[TimeControl "180+2"]
[Date "2023.02.15"]
[WhiteClock "0:00:07"]
[BlackClock "0:00:37"]

1. Nf3 d5 2. e3 Nf6 3. c4 e6 4. Nc3 c6 5. d4 Nbd7 6. Be2 Be7 7. b3 O-O 8. Bb2 b6 9. Qc2 Bb7 10. O-O Qc7 11. Rad1 Rac8 12. Ba1 Rfd8 13. Qb2 Nf8 14. cxd5 cxd5 15. Rc1 Qb8 16. Bd3 Ng6 17. Rc2 Ne4 18. Bxe4 dxe4 19. Nd2 f5 20. Rfc1 e5 21. Nb5 a6 22. Nc7 exd4 23. Ne6 Bf6 24. Nxd4 Bxd4 25. Rxc8 Bxc8 26. exd4 Nf4 27. d5 Qb7 28. Kh1 Nd3 29. Qc3 Nxc1 30. Qxc1 Qxd5 31. Bc3 f4 32. Kg1 Bb7 33. Nf1 e3 34. f3 e2 35. Nd2 Qc5+ 36. Kh1 Qxc3 0-1


[Site "https://www.chess.com"]